 Dungeon Crawl Stone Soup version 0.31.0-9-g3a7656b989 (webtiles) character file.

Game seed: 4254857533528829115

117 qw the Skirmisher (level 4, -1/25 HPs)
             Began as a Deep Elf Hunter on Feb 2, 2024.
             Killed from afar by an orc wizard (9 damage)
             ... with a puff of flame
             ... on level 3 of the Dungeon.
             The game lasted 00:00:05 (1378 turns).

qw the Skirmisher (Deep Elf Hunter)                 Turns: 1378, Time: 00:00:06

Health: -1/25      AC:  6    Str: 10    XL:     4   Next: 71%
Magic:  6/6        EV: 11    Int: 14    God:
Gold:   87         SH:  0    Dex: 18    Spells: 3/3 levels left

rFire   . . .        a - +0 shortbow
rCold   . . .        (shield currently unavailable)
rNeg    . . .        b - +0 ring mail
rPois   .            (no helmet)
rElec   .            k - +0 cloak
rCorr   +            (no gloves)
SInv    .            (no boots)
Will    .....        (no amulet)
Stlth   +            i - ring of resist corrosion
HPRegen 0.24/turn    (no ring)
MPRegen 0.10/turn

%: no passive effects
@: no status effects
A: no striking features
a: no special abilities


You were on level 3 of the Dungeon.
You visited 1 branch of the dungeon, and saw 3 of its levels.

You collected 87 gold pieces.


   Skills:
 - Level 1.5 Fighting
 + Level 8.1 Ranged Weapons
 - Level 2.4 Dodging
 - Level 1.2 Stealth


You had 3 spell levels left.
You didn't know any spells.
Your spell library was empty.

Inventory:

Hand Weapons
 a - a +0 shortbow (weapon)
Armour
 b - a +0 ring mail (worn)
 k - a +0 cloak (worn)
Jewellery
 i - a ring of resist corrosion (left hand)
Wands
 d - a wand of iceblast (12)
Scrolls
 c - a scroll of fog {unknown}
Potions
 h - a potion of haste {unknown}

Dungeon Overview and Level Annotations

Branches:
Dungeon (3/15)

Altars:


Message History

You kill the orc wizard!
An endoplasm comes into view.
Your Ranged Weapons skill increases to level 8!
You shoot an arrow. You shoot an arrow. The arrow hits the orc priest.
The orc priest is lightly wounded.
Something hits you but does no damage.
The orc priest invokes the aid of Beogh against you.
Pain shoots through your body!
Ouch! That really hurt!
Something hits you but does no damage.
You shoot an arrow. The arrow hits the orc priest.
The orc priest is moderately wounded.
Something hits you but does no damage. The orc priest misses you.
You shoot an arrow. The arrow barely misses the orc priest.
The ball python bites you but does no damage.
The ball python closely misses you. Something hits you but does no damage.
The orc priest hits you with a +0 hand axe.
You shoot an arrow.
The arrow closely misses the orc priest.
The ball python bites you but does no damage.
The ball python closely misses you. Something hits you but does no damage.
The orc priest looks satisfied for a moment.
You shoot an arrow. The arrow hits the orc priest.
The orc priest is severely wounded.
The ball python bites you but does no damage.
The ball python grabs you. The ball python constricts you.
Something hits you but does no damage.
The orc priest hits you but does no damage.
The ball python bites you but does no damage.
The ball python constricts you.
You shoot an arrow. The arrow hits the ball python!
You kill the ball python!
The orc priest closely misses you. Something hits you but does no damage.
You shoot an arrow. The arrow hits the orc priest!
You kill the orc priest!
You hear some strange, mumbled words.
A puff of flame appears from out of thin air!
The puff of flame hits you!
You die...

#... #...# #
#.... .#
.####...#####.##.
.................
.................
........J){......
#....#@###...
#.)..%.$......
#....#.####...
#....#.# #....#.#
#......#
##...####
#######.....###.#
#................


You could see an endoplasm.

Vanquished Creatures
  An orc priest (D:3)
  Ijyb (D:2)
  An orc wizard (D:3)
  An adder (D:2)
  A dart slug (D:2)
  3 orcs (D:3)
  5 endoplasms
  2 giant cockroaches
  6 goblins
  6 hobgoblins
  A kobold (D:1)
  A quokka (D:2)
  8 ball pythons
  7 bats
  A frilled lizard (D:1)
  6 rats
51 creatures vanquished.

Notes
Turn   | Place    | Note
-------+----------+-------------------------------------------
     0 | D:1      | qw the Deep Elf Hunter began the quest for the Orb.
     0 | D:1      | Reached XP level 1. HP: 12/12 MP: 3/3
     0 | D:1      | 0 ||| qw: Version: 0.3-a-155-g5e7d8dd
     0 | D:1      | 0 ||| qw: Game counter: 1199
     0 | D:1      | 0 ||| qw: Melee chars always use a shield: true
     0 | D:1      | 0 ||| qw: God list: Okawaru
     0 | D:1      | 0 ||| qw: Allow faded altars: false
     0 | D:1      | 0 ||| qw: Do Orc after clearing Dungeon:15 true
     0 | D:1      | 0 ||| qw: Do second Lair branch before Depths: true
     0 | D:1      | 0 ||| qw: Lair rune preference: random
     0 | D:1      | 0 ||| qw: Goals: Normal
     0 | D:1      | 0 ||| PLANNING D:1-11
    91 | D:1      | Reached XP level 2. HP: 16/16 MP: 4/4
    93 | D:1      | Reached skill level 6 in Ranged Weapons
   127 | D:1      | Found a faded altar of an unknown god.
   397 | D:1      | 397 ||| UPGRADING to ring of resist corrosion.
   398 | D:1      | 398 ||| READING scroll labelled HIZU CIANIUSS.
   399 | D:1      | 399 ||| READING scroll labelled SEIDABL COTS.
   400 | D:1      | 400 ||| READING scroll labelled UVACEWN LORI.
   400 | D:1      | 400 ||| ENCHANTING +0 shortbow.
   401 | D:1      | 401 ||| DROPPING scroll of butterflies.
   446 | D:2      | 446 ||| FLEEEEING.
   448 | D:2      | 448 ||| FLEEEEING.
   449 | D:2      | 449 ||| FLEEEEING.
   450 | D:2      | 450 ||| FLEEEEING.
   451 | D:2      | 451 ||| FLEEEEING.
   452 | D:2      | 452 ||| FLEEEEING.
   453 | D:2      | 453 ||| FLEEEEING.
   454 | D:2      | 454 ||| FLEEEEING.
   456 | D:2      | Reached XP level 3. HP: 19/20 MP: 5/5
   712 | D:2      | Reached skill level 7 in Ranged Weapons
  1047 | D:2      | 1047 ||| UPGRADING to +0 ring mail.
  1057 | D:2      | 1057 ||| DROPPING +0 leather armour.
  1058 | D:2      | 1058 ||| UPGRADING to +0 cloak.
  1063 | D:2      | 1063 ||| DROPPING +6 ring of intelligence.
  1064 | D:2      | 1064 ||| READING scroll labelled EPPONETOUTEFF.
  1064 | D:2      | 1064 ||| IDENTIFYING bubbling yellow potion
  1065 | D:2      | 1065 ||| DRINKING 3 white potions.
  1109 | D:2      | 1109 ||| DROPPING 2 potions of lignification.
  1130 | D:3      | 1130 ||| STAIRDANCE
  1135 | D:3      | Noticed Ijyb
  1138 | D:3      | 1138 ||| STAIRDANCE
  1176 | D:3      | 1176 ||| STAIRDANCE
  1179 | D:3      | 1179 ||| STAIRDANCE
  1183 | D:2      | Killed Ijyb
  1184 | D:2      | Reached XP level 4. HP: 10/25 MP: 6/6
  1365 | D:3      | 1365 ||| DRINKING potion of curing.
  1365 | D:3      | 1365 ||| (to cure confusion)
  1371 | D:3      | Reached skill level 8 in Ranged Weapons
  1378 | D:3      | Killed from afar by an orc wizard

Levels and vault maps discovered:
D:1:      lemuel_arrival_lava_pool, layout_rooms,
          hellmonk_ecumenical_altar_heavens_door
D:2:      layout_loops_cross, chequers_serial_rivers_micro_d,
          serial_bayou_crossing
D:3:      layout_loops_cross, lemuel_tele_altar, uniq_ijyb

Skill      XL: |  1  2  3  4 |
---------------+-------------+-----
Ranged Weapons | 6 7 8 |  8.1
Fighting       | |  1.5
Dodging        | |  2.4
Stealth        | |  1.2

Action                     |  1- 3 |  4- 6 || total
---------------------------+-------+-------++-------
   Fire: Shortbow          |    93 |    26 ||   119
    Use: Scroll            |     4 |       ||     4
         Potion            |     1 |     1 ||     2
 Armour: Leather armour    |     9 |       ||     9
         Ring mail         |     6 |    17 ||    23
  Dodge: Dodged            |    16 |     5 ||    21

Table legend:
 A = Non-vault XP
 B = Vault XP
 C = Vault XP percentage of total XP
 D = Non-vault monster count
 E = Vault monster count
 F = Vault count percentage of total count
                 A         B        C        D         E       F
            +---------+---------+-------+---------+---------+-------
      Total |     171 |      38 |  18.2 |      50 |       1 |   2.0
            +---------+---------+-------+---------+---------+-------
        D:1 |      37 |       0 |   0.0 |      24 |       0 |   0.0
        D:2 |      34 |      38 |  52.8 |      13 |       1 |   7.1
        D:3 |     100 |       0 |   0.0 |      13 |       0 |   0.0
            +---------+---------+-------+---------+---------+-------
